 Dungeon Crawl Stone Soup version 0.30-a0-765-g3161bf10a1 (webtiles) character file.

Game seed: 11984214352580435452

480 Oxelix the Conjurer (level 6, -3/32 HPs)
             Began as a Deep Elf Conjurer on Feb 12, 2023.
             Was an Initiate of Sif Muna.
             Slain by a phantom (4 damage)
             ... on level 5 of the Dungeon.
             The game lasted 00:07:03 (4279 turns).

Oxelix the Conjurer (Deep Elf Conjurer)             Turns: 4279, Time: 00:07:03

Health: -3/32      AC:  5    Str:  4    XL:     6   Next: 86%
Magic:  13/26      EV: 12    Int: 25    God:    Sif Muna [......]
Gold:   305        SH:  0    Dex: 13    Spells: 10/17 levels left

rFire   . . .      SeeInvis .    q - +2 hand axe (venom)
rCold   . . .      Faith    .    (no shield)
rNeg    . . .      Spirit   .    a - +0 robe
rPois   .          Reflect  .    (no helmet)
rElec   .          Harm     .    c - +1 cloak
rCorr   .          Rampage  .    (no gloves)
Will    .....                    u - +0 pair of boots
Stlth   ++                       (no amulet)
HPRegen 0.25/turn                B - ring of magical power
MPRegen 0.20/turn                (no ring)

@: no status effects
A: no striking features
a: Renounce Religion


You were on level 5 of the Dungeon.
You worshipped Sif Muna.
Sif Muna was noncommittal.
You visited 1 branch of the dungeon, and saw 5 of its levels.

You collected 305 gold pieces.

Inventory:

Hand Weapons
 q - a +2 hand axe of venom (weapon)
Missiles
 j - 5 poisoned darts
 l - 5 boomerangs
 n - 3 silver boomerangs
 D - 3 datura-tipped darts
Armour
 a - a +0 robe (worn)
 c - a +1 cloak (worn)
 p - the +3 scale mail "Pecettum" {Rampage rPois rN+ rCorr}
   (You found it on level 3 of the Dungeon)

   rPois:     It protects you from poison.
   rN:        It protects you from negative energy.
   rCorr:     It protects you from acid and corrosion.
   Rampage:   It bestows one free step when moving towards enemies.
 u - a +0 pair of boots (worn)
Jewellery
 B - a ring of magical power (left hand)
Wands
 t - a wand of digging (1)
 z - a wand of mindburst (11)
Scrolls
 e - 3 scrolls of teleportation {unknown}
 f - a scroll of enchant weapon {unknown}
 g - 3 scrolls of poison {unknown}
 h - a scroll of summoning {unknown}
 i - 2 scrolls of torment {unknown}
 k - 2 scrolls of noise {unknown}
 m - 2 scrolls of magic mapping {unknown}
 r - a scroll of identify {unknown}
 s - a scroll of fog {unknown}
 x - a scroll of amnesia {unknown}
 y - a scroll of blinking {unknown}
 A - a scroll of fear {unknown}
Potions
 b - a potion of magic
 d - 4 potions of mutation {unknown}
 o - a potion of heal wounds {unknown}
 v - 2 potions of haste {unknown}
 w - 2 potions of degeneration {unknown}
 C - a potion of lignification {unknown}


   Skills:
 - Level 2.4 Dodging
 - Level 2.4 Stealth
 + Level 6.1 Spellcasting
 * Level 7.9 Conjurations


You had 10 spell levels left.
You knew the following spells:

 Your Spells              Type           Power      Damage    Failure   Level
a - Magic Dart            Conj           100%       1d8       1%          1
b - Searing Ray           Conj           94%        2d7       1%          2
c - Iskenderun's Mystic   Conj/Tloc      27%        2d7       14%         4

Your spell library contained the following spells:

 Spells                   Type           Power      Damage    Failure   Level
 Kiss of Death            Conj/Necr      100%       2d13      1%          1
 Dazzling Flash           Conj/Hex       54%        N/A       4%          3
 Sublimation of Blood     Necr           7%         N/A       11%         2
 Wereblood                Tmut           7%         N/A       11%         2
 Fulminant Prism          Conj/Hex       13%        3d9       14%         4
 Call Canine Familiar     Summ           7%         N/A       22%         3
 Confusing Touch          Hex            7%         N/A       22%         3
 Portal Projectile        Hex/Tloc       14%        N/A       22%         3
 Dispel Undead            Necr           7%         3d8       58%         4
 Leda's Liquefaction      Hex/Erth       3%         N/A       58%         4
 Summon Hydra             Summ           3%         N/A       100%        7


Dungeon Overview and Level Annotations

Branches:
Dungeon (5/15)
 Temple: D:4-7

Altars:
Cheibriados
Dithmenos
Gozag
Sif Muna
Zin


Message History

The searing ray misses the phantom.
The searing ray hits Edmund.
Edmund is severely wounded. (Press . to maintain the ray.)
The phantom hits you.
The phantom blinks!
You blink.
The phantom hits you.
Casting: Searing Ray (safe; 1% risk of failure)
Confirm with . or Enter, or press ? or * to list all spells.
Aiming: Searing Ray (safe; 1% risk of failure)
Press: ? - help, Shift-Dir - straight line, f/p - Edmund
Aim: Edmund, wielding a +3 flail of protection, wearing a +0 scale mail and carrying a wand of digging (2) (severely wounded, 84% to hit)
The searing ray misses the phantom.
The searing ray hits Edmund!
Edmund is almost dead. (Press . to maintain the ray.)
The phantom hits you but does no damage.
The searing ray hits Edmund but does no damage.
Edmund is almost dead.
The phantom hits you but does no damage.
Edmund hits you with a +3 flail of protection!
The searing ray hits Edmund.
Edmund is almost dead.
The phantom misses you.
Edmund hits you with a +3 flail of protection.
* * * LOW HITPOINT WARNING * * *
Unknown command.
The searing ray misses Edmund.
You finish channelling your searing ray.
The phantom hits you.
* * * LOW HITPOINT WARNING * * *
The phantom blinks!
You blink.
Casting: Searing Ray (safe; 1% risk of failure)
Confirm with . or Enter, or press ? or * to list all spells.
Aiming: Searing Ray (safe; 1% risk of failure)
Press: ? - help, Shift-Dir - straight line, f/p - Edmund
Aim: Edmund, wielding a +3 flail of protection, wearing a +0 scale mail and carrying a wand of digging (2) (almost dead, 84% to hit)
The searing ray hits Edmund!
You kill Edmund!
Sif Muna accepts your kill. (Press . to maintain the ray.)
The phantom hits you.
You die...

♣ . ♣.♣♣ ♣♣PP.♣ ♣.♣P.♣
#....# ###....###. ....
#..@....... ^.....###
#.W.$..##.# .........
#..........
.......#######......##.#
............##.)....# #
......#.......§.....#
......#/............#
......#....?..#######
............#..#


You could see a phantom.

Vanquished Creatures
  Edmund (D:5)
  A phantom (D:4)
  2 scorpions
  3 hounds
  An iguana (D:4)
  3 gnolls (D:4)
  4 adders
  An ufetubus (D:4)
  6 dart slugs
  14 orcs
  4 endoplasms
  3 giant cockroaches
  9 goblins
  5 hobgoblins
  A quokka (D:4)
  4 ball pythons
  6 bats
  6 frilled lizards
  3 kobolds
  2 rats (D:1)
79 creatures vanquished.

Vanquished Creatures (others)
  2 fungi (D:5)
2 creatures vanquished.

Grand Total: 81 creatures vanquished

Notes
Turn   | Place    | Note
-------+----------+-------------------------------------------
     0 | D:1      | Oxelix the Deep Elf Conjurer began the quest for the Orb.
     0 | D:1      | Reached XP level 1. HP: 10/10 MP: 6/6
   185 | D:1      | Reached XP level 2. HP: 15/15 MP: 5/8
   189 | D:1      | Learned a level 2 spell: Searing Ray
   415 | D:1      | Reached skill level 5 in Conjurations
   876 | D:2      | Found a glowing silver altar of Zin.
   911 | D:2      | Reached XP level 3. HP: 19/19 MP: 6/10
  1338 | D:2      | Found a faded altar of an unknown god.
  2115 | D:3      | Identified the +3 scale mail "Pecettum" {Rampage rPois rN+
                  | rCorr}
  2122 | D:3      | Found a shadowy altar of Dithmenos.
  2278 | D:3      | Reached XP level 4. HP: 24/24 MP: 10/12
  2760 | D:4      | Found an opulent altar of Gozag.
  2851 | D:4      | Reached skill level 6 in Conjurations
  2931 | D:4      | Noticed a scorpion
  2939 | D:4      | Killed a scorpion
  2940 | D:4      | Reached XP level 5. HP: 20/28 MP: 3/14
  3020 | D:4      | Found a glowing silver altar of Zin.
  3085 | D:4      | Reached skill level 5 in Spellcasting
  3514 | D:4      | Reached skill level 7 in Conjurations
  3516 | D:4      | Reached XP level 6. HP: 32/32 MP: 16/16
  3840 | D:4      | Found a shimmering blue altar of Sif Muna.
  3859 | D:4      | Found a snail-covered altar of Cheibriados.
  3871 | D:4      | Became a worshipper of Sif Muna the Loreminder
  4078 | D:5      | Entered Level 5 of the Dungeon
  4147 | D:5      | Learned a level 4 spell: Iskenderun's Mystic Blast
  4267 | D:5      | Noticed Edmund
  4278 | D:5      | HP: 1/32 [phantom (3)]
  4279 | D:5      | Killed Edmund
  4279 | D:5      | Slain by a phantom

Illustrated notes

Levels and vault maps discovered:
D:1:      matt_arrival_spirals, layout_rooms
D:2:      layout_basic, basic_altar, ebering_ecumenical_altar_hall,
          grunt_decor_arrowhead
D:3:      layout_loops_cross, amcnicky_altar_gilded, minmay_unequal
D:4:      layout_cave_pods, pdpol_temple_overflow_zin_treasury_gozag_greed,
          mainiacjoe_overflow_big_doors
D:5:      layout_basic, jmf_multi_god_temple2, temple_fountains, uniq_edmund,
          uniq_crazy_yiuf_cottage

Skill      XL: |  1  2  3  4  5  6 |
---------------+-------------------+-----
Conjurations   | 5 6 7 |  7.9
Spellcasting   | 4 5 6 |  6.1
Dodging        | |  2.4
Stealth        | |  2.4

Action                     |  1- 3 |  4- 6 || total
---------------------------+-------+-------++-------
   Cast: Magic Dart        |    77 |    86 ||   163
         Searing Ray       |       |    12 ||    12
 Armour: Robe              |     1 |     4 ||     5
  Dodge: Dodged            |     4 |    22 ||    26

Table legend: (Time is in decaauts)
 A = Elapsed time spent in this place.
 B = Non-inter-level travel time spent in this place.
 C = Inter-level travel time spent in this place.
 D = Time resting spent in this place.
 E = Time spent auto-exploring this place.
 F = Levels seen in this place.
 G = Mean time per level.
                   A        B        C        D        E       F      G
               +--------+--------+--------+--------+--------+-----+--------+
         Total |   4275 |   4202 |     73 |    278 |   3423 |   5 |  855.0 |
       Dungeon |   4275 |   4202 |     73 |    278 |   3423 |   5 |  855.0 |
               +--------+--------+--------+--------+--------+-----+--------+

Top non-repeatable levels by time:
     D:4: 1324 daAuts
     D:2: 1112 daAuts
     D:1: 875 daAuts
     D:3: 762 daAuts
     D:5: 200 daAuts
